 Dungeon Crawl Stone Soup version 0.31-a0-267-g3fc6992b3b (webtiles) character file.

Game seed: 13872533669919238802

3686 qw the Skirmisher (level 9, -4/77 (81) HPs)
             Began as a Minotaur Hexslinger on July 13, 2023.
             Slain by a wight
             ... wielding a +5 scimitar
              (11 damage)
             ... on level 7 of the Dungeon.
             The game lasted 00:02:14 (6315 turns).

qw the Skirmisher (Minotaur Hexslinger)             Turns: 6315, Time: 00:02:14

HP:   -4/77 (81)    AC:  5    Str: 14    XL:     9   Next: 90%
MP:   9/9           EV: 19    Int: 10    God:
Gold: 420           SH:  0    Dex: 16    Spells: 9/10 levels left

rFire   . . .        Y - +1 arbalest (chaos)
rCold   + . .        (shield currently unavailable)
rNeg    . . .        g - +2 robe {rC+}
rPois   .            d - +1 hat
rElec   .            (no cloak)
rCorr   .            (no gloves)
SInv    .            (no boots)
Will    .....        (no amulet)
Stlth   +            p - +5 ring of evasion
HPRegen 0.32/turn    (no ring)
MPRegen 0.11/turn

%: no passive effects
@: lethally poisoned (-4 -> -5), about to teleport, lightly drained
A: horns 2, retaliatory headbutt
a: no special abilities


You were on level 7 of the Dungeon.
You visited 2 branches of the dungeon, and saw 9 of its levels.

You collected 420 gold pieces.


Innate Abilities, Weirdness & Mutations

You have a pair of horns on your head.
You reflexively headbutt those who attack you in melee.


   Skills:
 - Level 8.0 Fighting
 + Level 12.9 Ranged Weapons
 - Level 1.9 Armour
 - Level 5.0 Dodging
 - Level 1.0 Spellcasting
 - Level 2.0 Hexes


You had 9 spell levels left.
You knew the following spells:

 Your Spells              Type           Power      Damage    Failure   Level
a - Slow                  Hex            16%        N/A       16%         1

Your spell library contained the following spells:

 Spells                   Type           Power      Damage    Failure   Level
 Inner Flame              Hex/Fire       2%         N/A       56%         3
 Portal Projectile        Hex/Tloc       4%         N/A       56%         3
 Cause Fear               Hex            2%         N/A       83%         4

Inventory:

Hand Weapons
 Y - a +1 arbalest of chaos (weapon)
Armour
 d - a +1 hat (worn)
 g - a +2 robe of cold resistance (worn)
Jewellery
 p - a +5 ring of evasion (left hand)
Wands
 e - a wand of digging (4)
Scrolls
 a - a scroll of identify
 c - a scroll of teleportation
Potions
 b - a potion of curing
 f - a potion of haste {unknown}
 h - 2 potions of enlightenment
 j - a potion of heal wounds
 k - a potion of magic {unknown}
 l - a potion of degeneration {unknown}
 m - a potion of resistance
 n - a potion of berserk rage {unknown}
 o - a potion of experience {unknown}

Dungeon Overview and Level Annotations

Branches:
Dungeon (8/15)             Temple (1/1) D:6
   Lair: D:8-11

Altars:
Ashenzari
Cheibriados
Dithmenos
Elyvilon
Fedhas
Gozag
Kikubaaqudgha
Makhleb
Nemelex Xobeh
Qazlal
Ru
Trog
Uskayaw
Wu Jian
Xom
Yredelemnul
Zin
The Shining One


Message History

The wight is engulfed in a cloud of scalding steam.
The water moccasin is engulfed in a cloud of scalding steam.
The water moccasin closely misses you. You furiously retaliate!
You headbutt the water moccasin, but do no damage.
You climb upwards.
You feel very sick.
There is a stone staircase leading down here.
Enter note:
Enter note:
Enter note:
Enter note:
Enter note:
Enter note:
Enter note:
Enter note:
Enter note:
Enter note:
Enter note:
Enter note: You shoot a bolt.
The bolt barely misses the water moccasin.
You feel very sick. The wight misses you. The water moccasin misses you.
You furiously retaliate!
You headbutt the water moccasin!
You kill the water moccasin!
Your life force feels restored.
You shoot a bolt. The bolt hits the wight!
Lightning courses through the wight!
You destroy the wight!
You feel sick. The wight barely misses you. The wight closely misses you.
You shoot a bolt. The bolt hits the wight.
The bolt burns the wight.
The wight is almost destroyed.
You feel sick. The wight hits you with a +5 scimitar.
You feel drained.
You shoot a bolt. The bolt hits the wight.
The wight is almost destroyed.
You feel sick. The wight hits you with a +5 scimitar!
You feel drained.
6315 ||| READING 2 scrolls of teleportation.
As you read the scroll of teleportation, it crumbles to dust.
You feel strangely unstable.
You feel sick. The wight hits you with a +5 scimitar!
You die...

# #.#
#....#..##.#..##.# #
#.# #.............##.#
# #.#
#.............##.##
#####.#
##....###.#####...##
......#
##.#.#.###.####.....###
#######
#.##.##................
#.##....##.######.#####
#.##.##)##.# ###
##.#.#@###.#
##..z####.# ##.......#
#########


You could see a wight.

Vanquished Creatures
  Pikel (D:6)
  Sigmund (D:3)
  Eustachio (D:6)
  Edmund (D:5)
  A water moccasin (D:7)
  An orc warrior (D:6)
  3 ice beasts
  Pargi (D:3)
  2 sky beasts
  2 black bears (D:5)
  4 ogres
  2 centaurs
  2 phantoms
  A kobold brigand (D:6)
  A scorpion (D:4)
  4 bullfrogs
  2 wights
  5 hounds
  A jelly (D:6)
  4 orc priests
  A sleepcap (D:4)
  Natasha (thrice) (D:3)
  4 orc wizards
  8 adders
  4 gnolls (D:5)
  A river rat (D:4)
  2 shadow imps (D:7)
  4 white imps
  2 worms
  A dart slug (D:1)
  21 orcs
  10 ball pythons
  6 bats
  7 endoplasms
  6 giant cockroaches
  2 goblins (D:1)
  13 hobgoblins
  3 quokkas
  3 frilled lizards
  2 goblin skeletons (D:7)
  A goblin zombie (D:7)
  4 hobgoblin zombies (D:7)
  14 kobolds
  A kobold skeleton (D:7)
  2 kobold zombies (D:7)
  2 orc skeletons (D:7)
  An orc zombie (D:7)
  5 rats
173 creatures vanquished.

Notes
Turn   | Place    | Note
-------+----------+-------------------------------------------
     0 | D:1      | qw the Minotaur Hexslinger began the quest for the Orb.
     0 | D:1      | Reached XP level 1. HP: 16/16 MP: 1/1
     0 | D:1      | 0 ||| qw: Version: 0.3-a-52-g30416fa
     0 | D:1      | 0 ||| qw: Game counter: 7703
     0 | D:1      | 0 ||| qw: Melee chars always use a shield: true
     0 | D:1      | 0 ||| qw: God list: Okawaru
     0 | D:1      | 0 ||| qw: Allow faded altars: false
     0 | D:1      | 0 ||| qw: Do Orc after clearing Dungeon:15 true
     0 | D:1      | 0 ||| qw: Do second Lair branch before Depths: true
     0 | D:1      | 0 ||| qw: Lair rune preference: random
     0 | D:1      | 0 ||| qw: Goals: Normal
     0 | D:1      | 0 ||| PLANNING D:1-11
   147 | D:1      | 147 ||| SWAPPING to +0 orcbow.
   149 | D:1      | Reached skill level 3 in Ranged Weapons
   149 | D:1      | Reached XP level 2. HP: 23/23 MP: 2/2
   149 | D:1      | 149 ||| DROPPING +1 sling.
   338 | D:1      | Found a faded altar of an unknown god.
   536 | D:1      | 536 ||| UPGRADING to +1 hat.
   541 | D:1      | 541 ||| UPGRADING to +0 leather armour.
   551 | D:1      | 551 ||| DROPPING +0 robe.
   552 | D:1      | 552 ||| READING scroll labelled FOWUXT WIGADU.
   553 | D:1      | 553 ||| READING scroll labelled NUNASA KULOEVECLO.
   554 | D:1      | 554 ||| READING scroll labelled PESOIMPELEQ.
   559 | D:1      | 559 ||| DROPPING scroll of poison.
   602 | D:2      | Identified the +3 mace "Holil" {speed, Will+}
   670 | D:2      | 670 ||| Stepping ~*~*~tactically~*~*~ (outnumbered).
   674 | D:2      | Reached XP level 3. HP: 29/29 MP: 3/3
   678 | D:2      | HP: 6/29 [kobold/+0 short sword (3)]
   813 | D:2      | 813 ||| SWAPPING to +0 arbalest.
   815 | D:2      | Reached skill level 4 in Ranged Weapons
   816 | D:2      | 816 ||| DROPPING +0 orcbow.
  1006 | D:2      | Reached XP level 4. HP: 36/36 MP: 4/4
  1345 | D:2      | 1345 ||| UPGRADING to +0 ring mail.
  1355 | D:2      | 1355 ||| UPGRADING to +2 robe of cold resistance.
  1365 | D:2      | 1365 ||| DROPPING +0 ring mail.
  1366 | D:2      | 1366 ||| DROPPING +0 leather armour.
  1367 | D:2      | 1367 ||| READING scroll labelled NEPROS JEXTARGH.
  1368 | D:2      | 1368 ||| READING scroll labelled WILOFI NOALET.
  1369 | D:2      | 1369 ||| READING scroll labelled LISAYCUCEI.
  1370 | D:2      | 1370 ||| DRINKING 2 sapphire potions.
  1392 | D:3      | 1392 ||| PLANNING SEWER
  1411 | D:3      | Reached skill level 5 in Ranged Weapons
  1417 | D:3      | Noticed Natasha
  1418 | D:3      | 1418 ||| Stepping ~*~*~tactically~*~*~ (outnumbered).
  1422 | D:3      | 1422 ||| Stepping ~*~*~tactically~*~*~ (outnumbered).
  1430 | D:3      | Killed Natasha
  1431 | D:3      | Reached skill level 3 in Fighting
  1431 | D:3      | Reached XP level 5. HP: 29/45 MP: 5/5
  1441 | D:3      | 1441 ||| FLEEEEING.
  1442 | D:3      | 1442 ||| FLEEEEING.
  1442 | D:3      | HP: 4/37 [something/magic dart (9)]
  1443 | D:3      | 1443 ||| FLEEEEING.
  1444 | D:3      | 1444 ||| FLEEEEING.
  1445 | D:3      | 1445 ||| FLEEEEING.
  1446 | D:3      | 1446 ||| FLEEEEING.
  1447 | D:3      | 1447 ||| FLEEEEING.
  1448 | D:3      | 1448 ||| FLEEEEING.
  1448 | D:3      | HP: 3/37 [something/magic dart (3)]
  1449 | D:3      | 1449 ||| FLEEEEING.
  1451 | D:3      | HP: 1/37 [orc/+0 flail (3)]
  1603 | D:3      | Noticed Natasha
  1610 | D:3      | Killed Natasha
  1729 | D:3      | Identified the +6 rapier of Dikhloxe {speed, rPois rF+}
  1790 | D:3      | Noticed Natasha
  1791 | D:3      | Killed Natasha
  1845 | D:3      | Reached skill level 6 in Ranged Weapons
  1974 | D:3      | 1974 ||| RIP SEWER
  2011 | D:3      | 2011 ||| PLANNING D:1-11
  2075 | D:3      | Reached XP level 6. HP: 51/51 MP: 6/6
  2130 | D:3      | Noticed Pargi
  2133 | D:3      | Killed Pargi
  2241 | D:3      | Noticed Sigmund
  2243 | D:3      | 2243 ||| FLEEEEING.
  2247 | D:3      | Killed Sigmund
  2248 | D:3      | Reached skill level 7 in Ranged Weapons
  2248 | D:3      | Reached XP level 7. HP: 55/60 MP: 7/7
  2504 | D:3      | Identified the +7 short sword of Ancient Evil {pain,
                  | Fragile rElec Str+3 Int+3 Dex+5}
  2526 | D:3      | Found a sacrificial altar of Ru.
  2844 | D:4      | Reached skill level 8 in Ranged Weapons
  3007 | D:4      | Found an ornate altar of the Wu Jian Council.
  3260 | D:4      | Found a hide-covered altar of Uskayaw.
  3260 | D:4      | Found a snail-covered altar of Cheibriados.
  3261 | D:4      | Found an ancient bone altar of Kikubaaqudgha.
  3315 | D:4      | 3315 ||| READING scroll labelled NAXZAISIALO.
  3316 | D:4      | 3316 ||| READING 2 scrolls of identify.
  3316 | D:4      | 3316 ||| IDENTIFYING green potion
  3331 | D:5      | Entered Level 5 of the Dungeon
  3344 | D:5      | Reached skill level 3 in Dodging
  3510 | D:5      | Reached skill level 9 in Ranged Weapons
  3510 | D:5      | Reached XP level 8. HP: 55/69 MP: 8/8
  3630 | D:5      | Reached skill level 6 in Fighting
  3660 | D:5      | Found the +0 toga "Victory" {*Victory Clar}
  3752 | D:5      | Noticed Edmund
  3759 | D:5      | 3759 ||| FLEEEEING.
  3760 | D:5      | 3760 ||| FLEEEEING.
  3763 | D:5      | Killed Edmund
  3764 | D:5      | Reached skill level 10 in Ranged Weapons
  4039 | D:5      | 4039 ||| READING scroll labelled UPPOIG LOYNON.
  4140 | D:5      | 4140 ||| DRINKING 2 red potions.
  4171 | D:6      | 4171 ||| Stepping ~*~*~tactically~*~*~ (outnumbered).
  4337 | D:6      | 4337 ||| Stepping ~*~*~tactically~*~*~ (outnumbered).
  4484 | D:6      | Found an opulent altar of Gozag.
  4521 | D:6      | Reached XP level 9. HP: 79/79 MP: 9/9
  4658 | D:6      | Noticed Pikel
  4667 | D:6      | Killed Pikel
  4668 | D:6      | Reached skill level 11 in Ranged Weapons
  4758 | D:6      | Found a staircase to the Ecumenical Temple.
  4759 | D:6      | 4759 ||| PLANNING TEMPLE
  4761 | D:6      | Noticed Eustachio
  4771 | D:6      | Killed Eustachio
  4814 | D:6      | 4814 ||| READING scroll labelled PEIGUEXTEAH.
  4823 | Temple   | Entered the Ecumenical Temple
  4912 | Temple   | 4912 ||| PLANNING D:1-11
  4974 | D:6      | Reached skill level 12 in Ranged Weapons
  5112 | D:6      | 5112 ||| Stepping ~*~*~tactically~*~*~ (outnumbered).
  5116 | D:6      | 5116 ||| Stepping ~*~*~tactically~*~*~ (outnumbered).
  5119 | D:6      | 5119 ||| Stepping ~*~*~tactically~*~*~ (outnumbered).
  5286 | D:6      | Reached skill level 1 in Armour
  5369 | D:6      | 5369 ||| READING scroll labelled LUSUIS USYNAE.
  5370 | D:6      | 5370 ||| DRINKING 2 murky amethyst potions.
  5371 | D:6      | 5371 ||| DRINKING 2 white potions.
  5372 | D:6      | 5372 ||| READING 2 scrolls of identify.
  5372 | D:6      | 5372 ||| IDENTIFYING lumpy pink potion
  5373 | D:6      | 5373 ||| DROPPING potion of invisibility.
  5374 | D:6      | 5374 ||| DROPPING potion of brilliance.
  5482 | D:7      | Found a glowing golden altar of the Shining One.
  5940 | D:7      | Found a shadowy altar of Dithmenos.
  5941 | D:7      | 5941 ||| UPGRADING to +5 ring of evasion.
  5942 | D:7      | 5942 ||| READING scroll labelled FIULLYOQOA.
  5943 | D:7      | 5943 ||| READING scroll labelled ZYOFESYRCH.
  6016 | D:7      | Found a bloodstained altar of Trog.
  6309 | D:8      | 6309 ||| STAIRDANCE
  6314 | D:7      | HP: 11/80 [wight/+5 scimitar (12)]
  6315 | D:7      | 6315 ||| READING 2 scrolls of teleportation.
  6315 | D:7      | Slain by a wight

Levels and vault maps discovered:
D:1:      dpeg_arrival_rooms_b, layout_rooms, dilly_ecumenical_altar_fadedgnrine
D:2:      layout_loops_ring, minivault_19, chequers_serial_rivers_micro_b,
          minmay_divided_ellipse
D:3:      layout_loops_ring, nicolae_ru_the_path_less_chosen,
          portal_sewer_entry_b, uniq_natasha, uniq_sigmund, uniq_pargi
D:4:      layout_basic, mainiacjoe_overflow_surrounded_room,
          gammafunk_temple_overflow_claw
D:5:      layout_rooms, dreamdust_gnoll_farm, uniq_edmund
D:6:      layout_loops_ring, nicolae_gozag_seed_capital,
          minmay_temple_entry_waves, uniq_pikel, uniq_eustachio
D:7:      layout_loops_corners, nicolae_tso_besieged_by_evil,
          lemuel_round_altar, nicolae_dithmenos_through_a_glass_darkly
D:8:      layout_loops_ring, nicolae_vehumet_radiance, bh_walls_and_bars
Temple:   kb_temple_of_zot

Skill      XL: |  1  2  3  4  5  6  7  8  9 |
---------------+----------------------------+-----
Ranged Weapons | 3 4 5 6 7 9 10 12 | 12.9
Fighting       | 2 3 4 5 7 8 |  8.0
Dodging        | 3 4 5 |  5.0
Armour         | 1 |  1.9
Spellcasting   | |  1.0
Hexes          | |  2.0

Action                     |  1- 3 |  4- 6 |  7- 9 || total
---------------------------+-------+-------+-------++-------
   Fire: Sling             |    15 |       |       ||    15
         Orcbow            |    65 |       |       ||    65
         Arbalest          |    25 |    74 |   266 ||   365
    Use: Scroll            |     3 |     3 |     9 ||    15
         Potion            |       |     1 |     3 ||     4
 Armour: Robe              |     2 |    14 |    38 ||    54
         Leather armour    |    11 |       |       ||    11
  Dodge: Dodged            |    34 |    22 |   120 ||   176

Table legend:
 A = Non-vault XP
 B = Vault XP
 C = Vault XP percentage of total XP
 D = Non-vault monster count
 E = Vault monster count
 F = Vault count percentage of total count
                 A         B        C        D         E       F
            +---------+---------+-------+---------+---------+-------
      Total |    3697 |    1569 |  29.8 |     127 |      46 |  26.6
            +---------+---------+-------+---------+---------+-------
        D:1 |      32 |       0 |   0.0 |      17 |       0 |   0.0
        D:2 |      59 |      35 |  37.2 |      21 |      13 |  38.2
        D:3 |     240 |     417 |  63.5 |      21 |      11 |  34.4
        D:4 |     404 |       0 |   0.0 |      13 |       0 |   0.0
        D:5 |     721 |     274 |  27.5 |      14 |       6 |  30.0
        D:6 |    1553 |     820 |  34.6 |      30 |       2 |   6.2
        D:7 |     616 |      23 |   3.6 |      10 |      14 |  58.3
        D:8 |      72 |       0 |   0.0 |       1 |       0 |   0.0
            +---------+---------+-------+---------+---------+-------
